 Dungeon Crawl Stone Soup version 0.32-a0-799-g95e1662365 (webtiles) character file.

Game seed: 17076344141587581436

443 johnj the Ducker (level 7, -2/60 HPs)
             Began as a Gnoll Monk on Mar 21, 2024.
             Splashed by a jelly's acid (8 damage)
             ... on level 4 of the Dungeon.
             The game lasted 00:14:00 (2242 turns).

johnj the Ducker (Gnoll Monk)                       Turns: 2242, Time: 00:14:01

Health: -2/60      AC: -6    Str: 13    XL:     7   Next: 2%
Magic:  10/10      EV:  7    Int:  9    God:
Gold:   231        SH:  0    Dex: 14    Spells: 7/10 levels left

rFire   . . .        h - +2 dagger (drain)
rCold   . . .        d - orb {light}
rNeg    . . .        r - +0 chain mail
rPois   .            (no helmet)
rElec   .            c - +0 cloak
rCorr   .            (no gloves)
SInv    +            (no boots)
Will    .....        (no amulet) Stlth
                     e - ring of see invisible
HPRegen 0.30/turn    (no ring)
MPRegen 0.12/turn

%: no passive effects
@: about to teleport, corroded, glowing
A: fangs 1, strong nose, distributed training
a: no special abilities


You were on level 4 of the Dungeon.
You visited 1 branch of the dungeon, and saw 4 of its levels.
You also visited: Sewer.

You collected 231 gold pieces.

Inventory:

Hand Weapons
 a - a +0 falchion
 h - a +2 dagger of draining (weapon)
 n - a +3 quarterstaff of chaos
Missiles
 p - 10 poisoned darts (quivered)
Armour
 b - a +0 robe
 c - a +0 cloak (worn)
 d - an orb of light (worn)
 f - a +0 scale mail
 g - a +0 leather armour
 r - a +0 chain mail (worn)
Jewellery
 e - a ring of see invisible (left hand)
Scrolls
 i - a scroll of fog {unknown}
 l - 2 scrolls of poison
 m - 3 scrolls of teleportation
 o - a scroll of fear
Potions
 j - 3 potions of curing
 k - 2 potions of heal wounds {unknown}
 q - a potion of magic {unknown}


   Skills:
 + Level 7.0 Fighting
 + Level 2.3 Short Blades
 + Level 7.0 Long Blades
 + Level 2.3 Axes
 + Level 2.3 Maces & Flails
 + Level 2.3 Polearms
 + Level 2.3 Staves
 + Level 2.3 Ranged Weapons
 + Level 2.3 Throwing
 + Level 2.3 Armour
 + Level 7.0 Dodging
 + Level 2.3 Stealth
 + Level 2.3 Shields
 + Level 2.3 Unarmed Combat
 + Level 2.3 Spellcasting
 + Level 1.8 Conjurations
 + Level 1.8 Hexes
 + Level 1.8 Summonings
 + Level 1.8 Necromancy
 + Level 1.8 Translocations
 + Level 1.8 Fire Magic
 + Level 1.8 Ice Magic
 + Level 1.8 Air Magic
 + Level 1.8 Earth Magic
 + Level 1.8 Alchemy
 + Level 2.5 Invocations
 + Level 2.3 Evocations
 + Level 2.1 Shapeshifting


You had 7 spell levels left.
You knew the following spells:

 Your Spells              Type           Power      Damage    Failure   Level
a - Tukima's Dance        Hex            4%         N/A       100%        3

Your spell library contained the following spells:

 Spells                   Type           Power      Damage    Failure   Level
 Apportation              Tloc           8%         N/A       97%         1
 Necrotise                Necr           16%        1d4       97%         1
 Sting                    Conj/Alch      16%        1d4       97%         1
 Summon Small Mammal      Summ           16%        N/A       97%         1
 Dimensional Bullseye     Hex/Tloc       2%         N/A       100%        4
 Iskenderun's Mystic Bla  Conj/Tloc      4%         2d3       100%        4


Dungeon Overview and Level Annotations

Branches:
Dungeon (4/15)              Sewer (visited)
 Temple: D:4-7

Altars:


Innate Abilities, Weirdness & Mutations

You have very sharp teeth.
Your uncanny sense of smell can sniff out nearby items.
Your experience applies equally to all skills.


Message History

k - 2 sapphire potions (gained 1)
Found a falchion.
A jelly comes into view.
The jelly quivers.
You see here 14 gold pieces.
The jelly hits you.
You are splashed with acid!
You hit the jelly. You drain the jelly.
Your hands burn!
The jelly is heavily wounded.
The jelly hits you but does no damage.
You completely miss the jelly.
The jelly is heavily wounded.
The jelly hits you. The acid corrodes you!
You are splashed with acid!
You hit the jelly but do no damage.
Your hands burn!
The jelly is heavily wounded.
The jelly hits you but does no damage.
You hit the jelly but do no damage. You drain the jelly.
Your hands burn!
The jelly is heavily wounded.
You hit the jelly but do no damage. The acid corrodes you!
Your hands burn!
The jelly is heavily wounded.
The jelly hits you but does no damage.
You hit the jelly. You drain the jelly.
Your hands burn!
You bite the jelly, but do no damage.
The jelly is severely wounded.
The jelly closely misses you.
You hit the jelly but do no damage. The acid corrodes you!
Your hands burn!
The jelly is severely wounded.
The jelly closely misses you.
You hit the jelly but do no damage. The acid corrodes you!
Your hands burn!
The jelly is severely wounded.
The jelly hits you.
You are splashed with acid.
* * * LOW HITPOINT WARNING * * *
As you read the scroll of teleportation, it crumbles to dust.
You feel strangely unstable. The jelly hits you.
* * * LOW HITPOINT WARNING * * *
You are splashed with acid.
* * * LOW HITPOINT WARNING * * *
The jelly attacks as it pursues you! The jelly hits you.
* * * LOW HITPOINT WARNING * * *
You are splashed with acid!
You die...

#########
#.......#
#.......# .∆
#.......# ....
#..)....## ....
#.........
..... #.J.(...#
....^.#.@.....#
......#$.>....#
..............#
......#.......#
##.####....####
# ###.)# #..#
##†# #.#


You could see a jelly (very drained).

Vanquished Creatures
  3 kobold brigands (Sewer)
  Crazy Yiuf (D:2)
  8 adders
  A river rat (D:3)
  3 dart slugs
  6 ribbon worms
  3 orcs
  4 ball pythons
  13 endoplasms
  2 giant cockroaches
  7 goblins
  11 hobgoblins
  11 jackals
  11 kobolds
  2 quokkas
  7 bats
  2 frilled lizards
  7 rats
102 creatures vanquished.

Notes
Turn   | Place    | Note
-------+----------+-------------------------------------------
     0 | D:1      | johnj the Gnoll Monk began the quest for the Orb.
     0 | D:1      | Reached XP level 1. HP: 23/23 MP: 1/1
     6 | D:1      | Noticed a snapping turtle
     6 | D:1      | Noticed a brain worm
     6 | D:1      | Noticed a rime drake
     6 | D:1      | Noticed a mana viper
    89 | D:1      | Reached XP level 2. HP: 16/29 MP: 2/2
   346 | D:1      | Reached XP level 3. HP: 24/35 MP: 3/3
   558 | D:2      | Reached skill level 1 in Invocations
   772 | D:2      | Reached skill level 1 in Short Blades
   772 | D:2      | Reached skill level 1 in Axes
   772 | D:2      | Reached skill level 1 in Maces & Flails
   772 | D:2      | Reached skill level 1 in Polearms
   772 | D:2      | Reached skill level 1 in Staves
   772 | D:2      | Reached skill level 1 in Ranged Weapons
   772 | D:2      | Reached skill level 1 in Throwing
   772 | D:2      | Reached skill level 1 in Armour
   772 | D:2      | Reached skill level 1 in Stealth
   772 | D:2      | Reached skill level 1 in Shields
   772 | D:2      | Reached skill level 1 in Unarmed Combat
   772 | D:2      | Reached skill level 1 in Spellcasting
   772 | D:2      | Reached skill level 1 in Evocations
   787 | D:2      | Found a runed translucent door.
   788 | D:2      | Noticed Crazy Yiuf
   804 | D:2      | Killed Crazy Yiuf
   805 | D:2      | Reached skill level 1 in Conjurations
   805 | D:2      | Reached skill level 1 in Hexes
   805 | D:2      | Reached skill level 1 in Summonings
   805 | D:2      | Reached skill level 1 in Necromancy
   805 | D:2      | Reached skill level 1 in Translocations
   805 | D:2      | Reached skill level 1 in Fire Magic
   805 | D:2      | Reached skill level 1 in Ice Magic
   805 | D:2      | Reached skill level 1 in Air Magic
   805 | D:2      | Reached skill level 1 in Earth Magic
   805 | D:2      | Reached skill level 1 in Alchemy
   805 | D:2      | Reached skill level 1 in Shapeshifting
   805 | D:2      | Reached XP level 4. HP: 27/41 MP: 5/5
  1048 | D:3      | Reached XP level 5. HP: 47/47 MP: 7/7
  1197 | D:3      | Learned a level 3 spell: Tukima's Dance
  1471 | D:3      | Found a glowing drain.
  1476 | Sewer    | Entered a sewer
  1775 | Sewer    | Noticed a kobold brigand
  1796 | Sewer    | Killed a kobold brigand
  1797 | Sewer    | Reached XP level 6. HP: 39/53 MP: 7/9
  2164 | D:3      | Reached XP level 7. HP: 59/59 MP: 10/10
  2242 | D:4      | Splashed by a jelly's acid

Illustrated notes

Levels and vault maps discovered:
D:1:      onia_arrival_zoo_common, layout_rooms
D:2:      layout_loops_ring, serial_bayou_pond_e, uniq_crazy_yiuf_cottage
D:3:      cheibrodos_greedy_goblins, layout_basic, gup_sewer_entry_bowl,
          shapermc_ecumenical_altar_hornbeckon, nrook_campfire,
          chequers_serial_rivers_small_3, minmay_quantized
D:4:      layout_rooms, zin_scriptorium, serial_shops,
          nicolae_shop_overgrown_old_shop, minmay_distorted

Skill      XL: |  1  2  3  4  5  6  7 |
---------------+----------------------+-----
Invocations    | 1 2 |  2.5
Short Blades   | 1 2 |  2.3
Axes           | 1 2 |  2.3
Maces & Flails | 1 2 |  2.3
Polearms       | 1 2 |  2.3
Staves         | 1 2 |  2.3
Ranged Weapons | 1 2 |  2.3
Throwing       | 1 2 |  2.3
Armour         | 1 2 |  2.3
Stealth        | 1 2 |  2.3
Shields        | 1 2 |  2.3
Unarmed Combat | 1 2 |  2.3
Spellcasting   | 1 2 |  2.3
Evocations     | 1 2 |  2.3
Conjurations   | 1 |  1.8
Hexes          | 1 |  1.8
Summonings     | 1 |  1.8
Necromancy     | 1 |  1.8
Translocations | 1 |  1.8
Fire Magic     | 1 |  1.8
Ice Magic      | 1 |  1.8
Air Magic      | 1 |  1.8
Earth Magic    | 1 |  1.8
Alchemy        | 1 |  1.8
Shapeshifting  | 1 2 |  2.1
Fighting       | 7 |  7.0
Long Blades    | 7 |  7.0
Dodging        | 7 |  7.0

Action                     |  1- 3 |  4- 6 |  7- 9 || total
---------------------------+-------+-------+-------++-------
  Melee: Falchion          |    36 |       |       ||    36
         Bite              |     5 |    34 |     4 ||    43
         Dagger            |    41 |   223 |    28 ||   292
    Use: Potion            |     1 |       |       ||     1
         Scroll            |       |     6 |     1 ||     7
   Stab: Sleeping          |       |     1 |       ||     1
 Armour: Robe              |    17 |       |       ||    17
         Leather armour    |    37 |    42 |       ||    79
         Scale mail        |       |    78 |       ||    78
         Chain mail        |       |       |    19 ||    19
  Dodge: Dodged            |    86 |   159 |    11 ||   256

Table legend: (Time is in decaauts)
 A = Elapsed time spent in this place.
 B = Non-inter-level travel time spent in this place.
 C = Inter-level travel time spent in this place.
 D = Time resting spent in this place.
 E = Time spent auto-exploring this place.
 F = Levels seen in this place.
 G = Mean time per level.
                   A        B        C        D        E       F      G
               +--------+--------+--------+--------+--------+-----+--------+
         Total |   2396 |   2396 |      0 |    253 |      0 |   5 |  479.2 |
       Dungeon |   1672 |   1672 |      0 |    253 |      0 |   4 |  418.0 |
         Sewer |    723 |    723 |      0 |      0 |      0 |   1 |  723.0 |
               +--------+--------+--------+--------+--------+-----+--------+

Top non-repeatable levels by time:
     D:3: 732 daAuts
   Sewer: 723 daAuts
     D:1: 480 daAuts
     D:2: 394 daAuts
     D:4: 66 daAuts
